 Dungeon Crawl Stone Soup version 0.27.0-1-g7a089689b8 (webtiles) character file.

Game seed: 5111406685715953938

2437 mhtbhm the Thaumaturge (level 9, -10/48 HPs)
             Began as a Deep Elf Earth Elementalist on Aug 7, 2021.
             Was an Initiate of Vehumet.
             Mangled by a two-headed ogre (25 damage)
             ... on level 8 of the Dungeon.
             The game lasted 00:18:22 (7523 turns).

mhtbhm the Thaumaturge (DEEE)                       Turns: 7523, Time: 00:18:22

Health: -10/48     AC:  7    Str:  5    XL:     9   Next: 25%
Magic:  23/24      EV: 13    Int: 24    God:    Vehumet [......]
Gold:   270        SH:  0    Dex: 15    Spells: 12/27 levels left

rFire    . . .     SeeInvis .   a - +6 short sword (flame)
rCold    . . .     Faith    .   (no shield)
rNeg     . . .     Spirit   .   b - +0 troll leather armour {Purgy}
rPois    .         Reflect  .   l - +0 helmet
rElec    .         Harm     .   w - +0 cloak
rCorr    .         Rampage  .   m - +0 pair of gloves
Will     .....                  (no boots)
Stlth    +++.......             x - amulet of magic regeneration
HPRegen  1.16/turn              C - ring of wizardry
MPRegen  0.44/turn              (no ring)

@: no status effects
A: no striking features
a: Renounce Religion


You were on level 8 of the Dungeon.
You worshipped Vehumet.
Vehumet was noncommittal.
You visited 2 branches of the dungeon, and saw 9 of its levels.

You collected 366 gold pieces.
You spent 96 gold pieces at shops.

Inventory:

Hand Weapons
 a - a +6 short sword of flaming (weapon)
 s - the +10 morningstar "Eos" {elec, Halo rElec}
   (You found it on level 4 of the Dungeon)

   It occasionally discharges a powerful burst of electricity upon striking a
   foe.
   It grants its wielder a halo, increasing accuracy against those within it.
   rElec:     It insulates you from electricity.
Missiles
 c - 88 stones
 d - 3 silver javelins (quivered)
 j - a throwing net
Armour
 b - a +0 troll leather armour (worn) {Purgy}
 l - a +0 helmet (worn)
 m - a +0 pair of gloves (worn)
 w - a +0 cloak (worn)
Magical Staves
 f - a staff of earth
Jewellery
 x - an amulet of magic regeneration (around neck)
 C - a ring of wizardry (left hand)
Wands
 q - a wand of iceblast (3)
 r - a wand of paralysis (4)
 v - a wand of flame (7)
 E - a wand of acid (9)
Scrolls
 h - 4 scrolls of vulnerability
 k - a scroll of enchant armour
 n - 2 scrolls of amnesia
 o - 2 scrolls of fear
 A - a scroll of summoning
Potions
 e - 4 potions of heal wounds
 i - a potion of resistance
 p - 2 potions of flight
 t - a potion of brilliance
 u - 2 potions of curing
 z - 2 potions of ambrosia {unknown}
 B - a potion of might {unknown}
 D - 2 potions of attraction {unknown}


   Skills:
 + Level 1.8 Fighting
 + Level 4.0 Short Blades
 + Level 0.1 Throwing
 + Level 2.8 Armour
 + Level 4.6 Dodging
 + Level 4.6 Stealth
 + Level 9.8 Spellcasting
 + Level 0.8 Conjurations
 + Level 1.1 Transmutations
 + Level 7.8 Earth Magic
 + Level 1.1 Evocations


You had 12 spell levels left.
You knew the following spells:

 Your Spells              Type           Power      Damage    Failure   Level
a - Sandblast             Erth           98%        2d20      1%          1
b - Passwall              Tmut/Erth      27%        N/A       1%          2
c - Stone Arrow           Conj/Erth      64%        3d11      1%          3
d - Lee's Rapid Deconstr  Erth           24%        3d14*     4%          5
e - Petrify               Tmut/Erth      33%        N/A       6%          4

Your spell library contained the following spells:

 Spells                   Type           Power      Damage    Failure   Level
 Pain                     Necr           44%        1d6       3%          1
 Searing Ray              Conj           30%        3d4       4%          2
 Corpse Rot               Necr/Air       N/A        N/A       5%          2
 Poisonous Vapours        Pois/Air       22%        N/A       5%          2
 Conjure Flame            Conj/Fire      13%        6-21      9%          3
 Ignite Poison            Fire/Tmut/Pois 13%        N/A       9%          3
 Mephitic Cloud           Conj/Pois/Air  13%        N/A       10%         3
 Ice Form                 Ice/Tmut       14%        N/A       26%         4
 Fulminant Prism          Conj/Hex       6%         3d7       28%         4
 Hailstorm                Conj/Ice       13%        3d5       28%         4
 Iskenderun's Mystic Bla  Conj/Tloc      13%        2d5       28%         4
 Sticky Flame             Conj/Fire      13%        2d4       28%         4
 Iskenderun's Battlesphe  Conj           15%        2d7       52%         5
 Freezing Cloud           Conj/Ice/Air   6%         6-21      61%         5
 Iron Shot                Conj/Erth      16%        9d4       63%         6
 Agony                    Necr           11%        N/A       65%         5
 Excruciating Wounds      Necr           5%         N/A       65%         5
 Conjure Ball Lightning   Conj/Air       6%         3x3d6     98%         6
 Simulacrum               Ice/Necr       5%         N/A       99%         6
 Maxwell's Capacitive Co  Air            5%         ∞         100%        8


Dungeon Overview and Level Annotations

Branches:
Dungeon (8/15)             Temple (1/1) D:6
   Lair: D:8-11

Altars:
Ashenzari
Cheibriados
Dithmenos
Elyvilon
Fedhas
Gozag
Hepliaklqana
Kikubaaqudgha
Makhleb
Nemelex Xobeh
Okawaru
Qazlal
Ru
Sif Muna
Trog
Uskayaw
Vehumet
Wu Jian
Xom
Yredelemnul
Zin
The Shining One

Shops:
D:7 ?


Message History

Press: ? - help, Shift-Dir - straight line, f/p - steam dragon
Aim: a steam dragon (steam, severely wounded, catching its breath, 83% to hit)
The blast of sand hits the steam dragon!
You kill the steam dragon!
Vehumet accepts your kill.
c - 89 stones You are engulfed in a cloud of scalding steam.
* * * LOW HITPOINT WARNING * * *
Unknown command.
You start resting.
Magic restored.
You start resting.
HP restored.
You start waiting.
Done waiting.
There is a stone staircase leading down, spattered with blood here.
Things that are here:
a +0 great sword; a +0 robe
There is a stone staircase leading down, spattered with blood here.
You climb downwards.
A two-headed ogre and a howler monkey come into view.
The two-headed ogre completely misses you.
The two-headed ogre hits you with a +0 giant club.
A centaur comes into view.
The howler monkey hits you.
There is a stone staircase leading up, spattered with blood here.
Casting: Sandblast (safe; 1% risk of failure)
Confirm with . or Enter, or press ? or * to list all spells.
Aiming: Sandblast (safe; 1% risk of failure)
Press: ? - help, Shift-Dir - straight line, f - two-headed ogre
Aim: a two-headed ogre, wielding two +0 giant clubs (92% to hit)
The blast of sand hits the two-headed ogre!!
The two-headed ogre is moderately wounded.
c - 88 stones The howler monkey hits you.
The two-headed ogre hits you with a +0 giant club!!
Ouch! That really hurt!
The two-headed ogre hits you with a +0 giant club!!
Ouch! That really hurt!
You die...

..........
#c.$......
#.........
###......$..
####.?.z.......
...............
...............
...$..h@.†.....
#.....O........
#..............
...........#.##
...........# #
..........##
.....##....
#.... ....##


You could see a two-headed ogre, a centaur, a howler monkey and a wight.

Vanquished Creatures
  A steam dragon (D:7)
  A water moccasin (D:8)
  Purgy (D:3)
  2 sky beasts
  2 orc warriors
  A black bear (D:7)
  An ogre (D:6)
  3 centaurs
  Blork the orc (D:4)
  4 scorpions
  2 wights (D:7)
  A centaur zombie (D:7)
  A centaur skeleton (D:7)
  5 hounds
  3 jellies (D:3)
  Crazy Yiuf (D:4)
  Terence (D:3)
  3 orc priests (D:7)
  3 bullfrog skeletons
  2 iguanas
  5 orc wizards
  Ijyb (D:3)
  A hound zombie (D:5)
  Robin (D:4)
  3 gnolls (D:2)
  3 adders
  4 white imps
  2 adder skeletons (D:4)
  A worm (D:2)
  A dart slug (D:1)
  15 orcs
  5 bats
  12 endoplasms
  2 giant cockroaches
  12 goblins
  9 hobgoblins
  6 jackals
  14 kobolds
  5 quokkas
  5 ball pythons
  2 frilled lizards
  3 rats
151 creatures vanquished.

Vanquished Creatures (others)
  5 fungi (D:3)
  6 toadstools (D:3)
11 creatures vanquished.

Grand Total: 162 creatures vanquished

Notes
Turn   | Place    | Note
-------+----------+-------------------------------------------
     0 | D:1      | mhtbhm the Deep Elf Earth Elementalist began the quest for
                  | the Orb.
     0 | D:1      | Reached XP level 1. HP: 10/10 MP: 6/6
    70 | D:1      | Reached XP level 2. HP: 7/15 MP: 4/8
   320 | D:1      | Learned a level 2 spell: Passwall
   619 | D:1      | Found a faded altar of an unknown god.
  1382 | D:2      | Reached XP level 3. HP: 10/19 MP: 10/10
  2103 | D:2      | Reached skill level 4 in Spellcasting
  2267 | D:2      | Reached XP level 4. HP: 22/24 MP: 8/12
  2273 | D:2      | Reached skill level 1 in Short Blades
  2405 | D:2      | Identified 3 scrolls of acquirement
  2406 | D:2      | Acquired mhtbhm's Reference Book on Flight and Combat Magic
  2414 | D:2      | Learned a level 3 spell: Stone Arrow
  2414 | D:2      | Acquired a book of Blasting
  2418 | D:2      | Acquired a staff of earth
  2687 | D:3      | Noticed Purgy
  2697 | D:3      | Killed Purgy
  2698 | D:3      | Reached skill level 5 in Spellcasting
  2698 | D:3      | Reached XP level 5. HP: 23/28 MP: 7/14
  2942 | D:3      | Noticed Terence
  2965 | D:3      | Learned a level 5 spell: Lee's Rapid Deconstruction
  3225 | D:3      | Killed Terence
  3226 | D:3      | Reached skill level 5 in Earth Magic
  3226 | D:3      | Reached XP level 6. HP: 26/32 MP: 8/16
  3297 | D:3      | Learned a level 4 spell: Petrify
  3368 | D:3      | Noticed Ijyb
  3374 | D:3      | Killed Ijyb
  3579 | D:3      | Reached skill level 6 in Spellcasting
  3768 | D:4      | Found the +10 morningstar "Eos" {elec, Halo rElec}
  3795 | D:4      | Found a runed translucent door.
  3796 | D:4      | Noticed Crazy Yiuf
  3811 | D:4      | Noticed Robin
  3828 | D:4      | Killed Robin
  3941 | D:4      | Noticed Blork the orc
  3950 | D:4      | Killed Blork the orc
  3952 | D:4      | Reached XP level 7. HP: 36/36 MP: 13/18
  4008 | D:4      | Reached skill level 1 in Armour
  4130 | D:4      | Identified the +1 ring mail "Eluoquh" {rElec Will+ SInv}
  4183 | D:4      | Reached skill level 7 in Spellcasting
  4252 | D:4      | Found a white marble altar of Elyvilon.
  4550 | D:4      | Killed Crazy Yiuf
  4613 | D:5      | Entered Level 5 of the Dungeon
  4828 | D:5      | Reached XP level 8. HP: 35/42 MP: 5/21
  4944 | D:5      | Reached skill level 1 in Fighting
  4992 | D:5      | Reached skill level 8 in Spellcasting
  5911 | D:6      | Reached skill level 1 in Evocations
  6143 | D:6      | Found a staircase to the Ecumenical Temple.
  6528 | Temple   | Entered the Ecumenical Temple
  6646 | Temple   | Became a worshipper of Vehumet
  6746 | D:7      | Reached skill level 9 in Spellcasting
  6768 | D:7      | Reached XP level 9. HP: 38/48 MP: 0/24
  7115 | D:7      | Found Cyddibb's Magic Scroll Emporium.
  7125 | D:7      | Bought a scroll of identify for 24 gold pieces
  7125 | D:7      | Bought a scroll of identify for 24 gold pieces
  7125 | D:7      | Bought a scroll of identify for 24 gold pieces
  7125 | D:7      | Bought a scroll of identify for 24 gold pieces
  7522 | D:8      | Noticed a two-headed ogre
  7523 | D:8      | Mangled by a two-headed ogre

Illustrated notes

Levels and vault maps discovered:
D:1:      co_arrival_random_square_maze, layout_basic,
          ebering_ecumenical_altar_box
D:2:      kennysheep_six_static_rooms, layout_basic
D:3:      cheibrodos_fertilizer, layout_basic, supply_closet_lemuel,
          corexii_shack, uniq_terence, uniq_purgy, uniq_ijyb
D:4:      layout_cave_pools, elyvilon_altar_3, serial_column_ruins,
          column_ruins_square_large, column_ruins_corridor_corner,
          column_ruins_grid_3, column_ruins_open_medium,
          column_ruins_columns_dead_end, column_ruins_columns_corner,
          column_ruins_grid_1, palyth_stone_intersect, minivault_26, uniq_robin,
          uniq_blork_the_orc, uniq_crazy_yiuf_cottage
D:5:      layout_cave_pods, kennysheep_minor_cross
D:6:      layout_loops_ring, minmay_temple_entry_trees, grunt_tough_drop
D:7:      layout_rooms, serial_shops, nicolae_stop_n_shop_1
D:8:      layout_cave_pools, minmay_fractal_squares_gapless_5
Temple:   kilobyte_greek_temple

Skill      XL: |  1  2  3  4  5  6  7  8  9 |
---------------+----------------------------+-----
Earth Magic    | 4 5 6 7 |  7.8
Spellcasting   | 4 5 6 7 9 |  9.8
Stealth        | 3 4 |  4.6
Short Blades   | 1 2 3 4 |  4.0
Dodging        | 3 4 |  4.6
Armour         | 1 2 |  2.8
Fighting       | 1 |  1.8
Evocations     | 1 |  1.1
Throwing       | |  0.1
Conjurations   | |  0.8
Transmutations | |  1.1

Action                   |  1- 3 |  4- 6 |  7- 9 || total
-------------------------+-------+-------+-------++-------
Melee: Short sword       |    35 |    32 |   123 ||   190
Throw: Javelin           |     3 |       |       ||     3
       Stone             |     1 |       |       ||     1
 Cast: Sandblast         |    37 |    61 |    57 ||   155
       Stone Arrow       |       |     1 |     8 ||     9
       Lee's Rapid Decon |       |       |     8 ||     8
Evoke: Wand              |       |     3 |     5 ||     8
  Use: Scroll            |       |     8 |    11 ||    19
       Potion            |       |       |     2 ||     2
 Stab: Sleeping          |     1 |     3 |     2 ||     6
       Distracted        |       |     1 |     1 ||     2
       Paralysed         |       |       |     1 ||     1
Armor: Robe              |     4 |       |       ||     4
       Leather armour    |     5 |     7 |       ||    12
       Troll leather arm |       |    16 |    87 ||   103
Dodge: Dodged            |    31 |    35 |   114 ||   180
